 Dungeon Crawl Stone Soup version 0.30-a0-137-gd8773701ce (webtiles) character file.

Game seed: 287642380477300303

31 jlumianski the Chopper (level 3, -6/22 HPs)
             Began as a Gargoyle Gladiator on Sept 24, 2022.
             Mangled by a gnoll
             ... wielding a +0 halberd
              (10 damage)
             ... on level 2 of the Dungeon.
             The game lasted 00:04:15 (1547 turns).

jlumianski the Chopper (Gargoyle Gladiator)         Turns: 1547, Time: 00:04:16

Health: -6/22      AC:  8    Str: 19    XL:     3   Next: 22%
Magic:  3/3        EV: 12    Int:  8    God:
Gold:   76         SH:  0    Dex: 11    Spells: 2/2 levels left

rFire   . . .      SeeInvis .    a - +0 war axe
rCold   . . .      Faith    .    (no shield)
rNeg    + . .      Spirit   .    b - +0 leather armour
rPois   ∞          Reflect  .    c - +0 helmet
rElec   +          Harm     .    f - +0 cloak
rCorr   .          Rampage  .    (no gloves)
Will    +....                    (no boots)
Stlth   +.........               (no amulet)
HPRegen 0.07/turn                i - ring of willpower
MPRegen 0.08/turn                (no ring)

@: no status effects
A: sickness immunity, AC +3, negative energy resistance 1, electricity
resistance, torment resistance 1, petrification resistance
a: no special abilities


You were on level 2 of the Dungeon.
You visited 1 branch of the dungeon, and saw 2 of its levels.

You collected 76 gold pieces.

Inventory:

Hand Weapons
 a - a +0 war axe (weapon)
Missiles
 d - 3 throwing nets (quivered)
 e - a javelin
Armour
 b - a +0 leather armour (worn)
 c - a +0 helmet (worn)
 f - a +0 cloak (worn)
Jewellery
 i - a ring of willpower (left hand)
Scrolls
 g - 2 scrolls of identify {unknown}
Potions
 h - a potion of haste {unknown}
 j - a potion of brilliance {unknown}
 k - a potion of flight {unknown}


   Skills:
 + Level 2.3 Fighting
 + Level 3.4 Axes
 + Level 1.8 Throwing
 + Level 2.7 Dodging


You had 2 spell levels left.
You didn't know any spells.
Your spell library contained the following spells:

 Spells                   Type           Power      Damage    Failure   Level
 Necrotise                Necr           0%         1d4       45%         1
 Vampiric Draining        Necr           0%         2d6       83%         3
 Agony                    Necr           0%         N/A       100%        5


Dungeon Overview and Level Annotations

Branches:
Dungeon (2/15)

Altars:
Ru


Innate Abilities, Weirdness & Mutations

You are immune to sickness and miasma.
Your stone body is resilient. (AC +3)
You are immune to poison.
You resist negative energy. (rN+)
You are resistant to electric shocks. (rElec)
You are resistant to unholy torment.
You are immune to petrification.


Message History

The bat barely misses you. x2
You slash the bat!
You kill the bat!
The ball python barely misses you. The ball python grabs you.
The ball python constricts you.
You barely miss the ball python. The ball python closely misses you.
The ball python constricts you. The ball python bites you.
The ball python constricts you.
You barely miss the ball python. The ball python bites you.
The ball python constricts you.
You slash the ball python!
You kill the ball python!
You see here a ball python corpse.
You now have 67 gold pieces (gained 5).
Found a sacrificial altar of Ru.
There is a sacrificial altar of Ru here.
HP restored.
Found 2 stones.
A gnoll comes into view. It is wielding a +0 halberd.
Found 10 gold pieces.
The gnoll shouts!
You hear a shout!
A rat comes into view.
You see here 9 gold pieces.
You now have 76 gold pieces (gained 9).
A gnoll comes into view. It is wielding a +0 spear.
The gnoll shouts!
You hear a shout!
A gnoll comes into view. It is wielding a +0 flail.
You hear an angry hiss.
The gnoll misses you. The gnoll closely misses you.
You barely miss the gnoll. The gnoll hits you with a +0 halberd!
The gnoll closely misses you.
You closely miss the gnoll. The gnoll misses you. The gnoll closely misses you.
You barely miss the gnoll. The gnoll hits you with a +0 halberd.
The gnoll misses you. The gnoll hits you but does no damage.
The gnoll hits you from afar with a +0 spear.
* * * LOW HITPOINT WARNING * * *
You hit the gnoll.
The gnoll is moderately wounded.
The gnoll hits you with a +0 halberd!
You die...

$... #.##.# ..g ..##.#
g. .###..# . .. #.## ..
#.# .## #r# ## #g# #g#
#@# #.# #.#
#######.######### #####
................###...#
###.............##..#.#
#.........._..#..#..# .
#...............#..##
...
#####.#.#.....##..##


You could see 2 gnolls and a rat.

Vanquished Creatures
  A dart slug (D:1)
  4 bats
  2 endoplasms (D:1)
  A hobgoblin (D:1)
  6 ball pythons
  2 frilled lizards (D:1)
  7 goblins (D:1)
  3 kobolds (D:1)
  3 rats (D:1)
29 creatures vanquished.

Notes
Turn   | Place    | Note
-------+----------+-------------------------------------------
     0 | D:1      | jlumianski the Gargoyle Gladiator began the quest for the
                  | Orb.
     0 | D:1      | Reached XP level 1. HP: 12/12 MP: 1/1
   164 | D:1      | Reached skill level 3 in Axes
   164 | D:1      | Reached XP level 2. HP: 12/17 MP: 2/2
   995 | D:1      | Reached XP level 3. HP: 21/21 MP: 3/3
  1061 | D:1      | Found a faded altar of an unknown god.
  1438 | D:2      | Found a sacrificial altar of Ru.
  1547 | D:2      | Mangled by a gnoll

Illustrated notes

Levels and vault maps discovered:
D:1:      minmay_arrival_radiant_lines, layout_basic,
          shapermc_ecumenical_altar_mp_vishouse
D:2:      layout_rooms, basic_altar, serial_shops, nicolae_shop_behind_doors,
          shop_statue, nicolae_shop_statue_plus, nicolae_diamond_shop,
          minmay_domino_4, uniq_sigmund

Skill      XL: |  1 |
---------------+----+-----
Axes           | 3 |  3.4
Fighting       | |  2.3
Throwing       | |  1.8
Dodging        | |  2.7

Action                   || total
-------------------------++-------
Melee: War axe           ||    88
Armor: Leather armour    ||    40
Dodge: Dodged            ||    87

Table legend: (Time is in decaauts)
 A = Elapsed time spent in this place.
 B = Non-inter-level travel time spent in this place.
 C = Inter-level travel time spent in this place.
 D = Time resting spent in this place.
 E = Time spent auto-exploring this place.
 F = Levels seen in this place.
 G = Mean time per level.
                   A        B        C        D        E       F      G
               +--------+--------+--------+--------+--------+-----+--------+
         Total |   1577 |   1535 |     42 |      0 |    984 |   2 |  788.5 |
       Dungeon |   1577 |   1535 |     42 |      0 |    984 |   2 |  788.5 |
               +--------+--------+--------+--------+--------+-----+--------+

Top non-repeatable levels by time:
     D:1: 1369 daAuts
     D:2: 208 daAuts
